 Dungeon Crawl Stone Soup version 0.23.1-38-g628c18f423 (webtiles) character file.

Game seed: 2481647799846147992

2704 PentaManta the Slinger (level 9, -20/64 HPs)
             Began as a Halfling Hunter on Mar 29, 2019.
             Was an Initiate of Gozag.
             Killed from afar by a wizard (55 damage)
             ... with a crystal spear
             ... while paralysed by an orc sorcerer
             ... on level 8 of the Dungeon.
             The game lasted 00:14:56 (6091 turns).

PentaManta the Slinger (Halfling Hunter)            Turns: 6091, Time: 00:14:57

Health: -20/64     AC:  7    Str: 21    XL:     9   Next: 97%
Magic:  9/9        EV:  3    Int:  9    God:    Gozag
Gold:   481        SH:  0    Dex: 15    Spells: 8/8 levels left

rFire    + . .     SeeInvis .   a - +2 hunting sling
rCold    + . .     Gourm    .   (shield restricted)
rNeg     . . .     Faith    .   c - +0 leather armour
rPois    +         Spirit   .   k - +1 helmet
rElec    +         Reflect  .   e - +0 cloak
rCorr    +         Harm     .   w - +0 pair of gloves
MR       .....                  (no boots)
Stlth    ++........             (no amulet)
HPRegen  0.20/turn              (no ring)
MPRegen  0.11/turn              (no ring)

@: paralysed, mighty, resistant
A: small, mutation resistance 1
a: Potion Petition, Call Merchant, Bribe Branch, Renounce Religion


You were on level 8 of the Dungeon.
You worshipped Gozag.
Gozag was aware of your devotion.
You were very hungry.

You visited 2 branches of the dungeon, and saw 9 of its levels.

You collected 594 gold pieces.
You paid 113 gold pieces to Gozag.

Inventory:

Hand Weapons
 a - a +2 hunting sling (weapon)
 b - a +0 short sword
 y - the +10 long sword "Aloib" {flame, rElec, unknown}
   (You found it on level 5 of the Dungeon)

   It has been specially enchanted to burn those struck by it, causing extra
   injury to most foes and up to half again as much damage against particularly
   susceptible opponents.
   Big, fiery blades are also staple armaments of hydra-hunters.
   It insulates you from electricity.
 A - the cursed +0 dagger of the Endless Moons {venom, rF+, unknown}
   (You found it on level 6 of the Dungeon)

   It poisons the flesh of those it strikes.
   It protects you from fire.
   It has a curse placed upon it.
Missiles
 i - 151 stones (quivered)
Armour
 c - a +0 leather armour (worn)
 e - a +0 cloak (worn)
 k - a +1 helmet (worn)
 w - a +0 pair of gloves (worn)
Wands
 h - a wand of flame (18)
 q - a wand of iceblast (8)
 u - a wand of polymorph (12)
 v - a wand of random effects (9)
 B - a wand of acid (6)
 C - a wand of disintegration (13)
Scrolls
 d - 2 scrolls of enchant armour
 g - 6 scrolls of remove curse
 j - a scroll of enchant weapon
 l - a scroll of vulnerability {unknown}
 p - 3 scrolls of teleportation
 r - a scroll of identify
 x - 3 scrolls of fear
Potions
 n - 2 potions of flight
 o - a potion of might
 s - 2 potions of haste
 t - 2 potions of brilliance {unknown}
 z - 2 potions of lignification {unknown}
Comestibles
 f - 6 rations


   Skills:
 + Level 7.0 Fighting
 + Level 11.8 Slings
 + Level 8.5 Dodging
 - Level 1.1 Stealth


You had 8 spell levels left.
You didn't know any spells.
Your spell library contained the following spells:

 Spells                   Type           Power        Failure   Level  Hunger
 Magic Dart               Conj           #...         43%         1    ##.....
 Searing Ray              Conj           #.....       56%         2    ###....
 Dazzling Spray           Conj/Hex       #.....       80%         3    ####...
 Force Lance              Conj/Tloc      #.......     99%         4    #####..
 Fulminant Prism          Conj/Hex       #.........   99%         4    #####..
 Iskenderun's Mystic Bla  Conj           #.......     99%         4    #####..


Dungeon Overview and Level Annotations

Branches:
Dungeon (8/15)             Temple (1/1) D:6
   Lair: D:8-11

Altars:
Ashenzari
Cheibriados
Dithmenos
Elyvilon
Fedhas
Gozag
Hepliaklqana
Kikubaaqudgha
Makhleb
Nemelex Xobeh
Okawaru
Qazlal
Ru
Sif Muna
Trog
Uskayaw
Vehumet
Wu Jian
Xom
Yredelemnul
Zin
The Shining One

Shops:
D:6 :

Annotations:
D:3 1 runed translucent door, Tutankhamun's ghost, amateur MiCK


Innate Abilities, Weirdness & Mutations

You are small and have problems with some larger weapons.
You are somewhat resistant to further mutation.


Message History

An orc sorcerer comes into view.
It is wielding a +0 hand axe of freezing and carrying a wand of enslavement (5).
Firing (i - inventory)
i - 152 stones (quivered)
Press: ? - help, Shift-Dir - straight line, f/p - wizard
Aim: a wizard, wielding a +0 dagger and wearing a +0 robe (moderately wounded)
You shoot a stone. The stone barely misses the wizard.
You hear a splash.
The orc sorcerer shouts!
The orc sorcerer gestures at you while chanting.
You suddenly lose the ability to move!
The wizard completely misses you.
The wizard mumbles some strange words.
The wizard blinks!
The wizard hits you with a +0 dagger.
The orc sorcerer zaps a wand.
You resist with some effort.
The wizard's eyes start to glow.
The wizard hits you but does no damage.
The orc sorcerer drinks a potion.
The orc sorcerer suddenly seems more agile.
The wizard points at you and mumbles some strange words.
The crystal spear hits you!!!
Ouch! That really hurt!
You die...
Your body crumbles into a pile of gold.

.#### ..o.#
.....##...#
≈≈≈..#....
.##≈≈.....
..##≈....###
...#≈...> .#
........#..#
#(.p@#..#$
##≈..(...#
.##≈≈p..#.## #
≈≈≈≈...)...#..#
.....#........#
#.#####..#......
#........##.##.#
#######.(...# .#
##<####


You could see 2 wizards and an orc sorcerer.

Vanquished Creatures
  A wizard (D:8)
  Eustachio (D:5)
  A water moccasin (D:8)
  3 ice beasts
  2 sky beasts (D:6)
  2 ogres
  3 centaurs
  A bullfrog (D:6)
  2 scorpions
  3 howler monkeys
  3 crimson imps
  A centaur zombie (D:6)
  3 hounds (D:4)
  A centaur skeleton (D:4)
  A bullfrog skeleton (D:5)
  2 iguanas
  Natasha (thrice) (D:3)
  5 worker ants
  A killer bee zombie (D:4)
  A hound zombie (D:5)
  A worker ant zombie (D:6)
  9 adders
  7 gnolls
  A shadow imp (D:5)
  An adder skeleton (D:3)
  4 worms
  3 leopard geckos
  11 orcs
  9 bats
  3 giant cockroaches
  6 goblins
  10 hobgoblins
  7 jackals
  4 quokkas
  2 frilled lizards (D:1)
  A jackal zombie (D:5)
  6 kobolds
  A quokka zombie (D:5)
  9 rats
135 creatures vanquished.

Notes
Turn   | Place    | Note
-------+----------+-------------------------------------------
     0 | D:1      | PentaManta the Halfling Hunter began the quest for the Orb.
     0 | D:1      | Reached XP level 1. HP: 14/14 MP: 1/1
    97 | D:1      | Reached skill level 6 in Slings
   124 | D:1      | Reached XP level 2. HP: 16/19 MP: 2/2
   245 | D:1      | Reached XP level 3. HP: 24/24 MP: 3/3
   531 | D:2      | Found a blossoming altar of Fedhas.
   588 | D:2      | Reached XP level 4. HP: 29/30 MP: 4/4
   964 | D:2      | Reached XP level 5. HP: 30/36 MP: 5/5
  1371 | D:3      | Reached skill level 7 in Slings
  1521 | D:3      | Noticed Natasha
  1524 | D:3      | Killed Natasha
  1679 | D:3      | Found a runed translucent door.
  1679 | D:3      | Noticed Tutankhamun's ghost (amateur MiCK)
  1700 | D:3      | Noticed Natasha
  1707 | D:3      | Killed Natasha
  1707 | D:3      | Reached XP level 6. HP: 39/42 MP: 6/6
  1799 | D:3      | Noticed Natasha
  1899 | D:3      | Killed Natasha
  2141 | D:4      | Found a glowing golden altar of the Shining One.
  2172 | D:4      | Reached skill level 8 in Slings
  2172 | D:4      | Reached XP level 7. HP: 28/47 MP: 7/7
  2254 | D:4      | Reached skill level 5 in Dodging
  2547 | D:5      | Entered Level 5 of the Dungeon
  2857 | D:5      | Got a faintly glowing long sword
  3224 | D:5      | Reached XP level 8. HP: 51/54 MP: 8/8
  3270 | D:5      | Noticed Eustachio
  3288 | D:5      | Killed Eustachio
  3288 | D:5      | Reached skill level 9 in Slings
  3514 | D:5      | Reached skill level 5 in Fighting
  4479 | D:6      | Reached skill level 10 in Slings
  4510 | D:6      | Found a staircase to the Ecumenical Temple.
  4515 | Temple   | Entered the Ecumenical Temple
  4798 | Temple   | Became a worshipper of Gozag Ym Sagoz the Greedy
  5075 | D:6      | Reached XP level 9. HP: 62/62 MP: 9/9
  5666 | D:6      | Found Edwat's Book Emporium.
  5687 | D:6      | Reached skill level 11 in Slings
  5784 | D:6      | Found an iron altar of Okawaru.
  5800 | D:6      | Got a warped dagger
  6039 | D:8      | Noticed a wizard
  6048 | D:8      | Killed a wizard
  6071 | D:8      | Noticed a wizard
  6079 | D:8      | Noticed a wizard
  6087 | D:8      | Noticed an orc sorcerer
  6088 | D:8      | Paralysed by an orc sorcerer for 6 turns
  6091 | D:8      | Killed from afar by a wizard

Skill      XL: |  1  2  3  4  5  6  7  8  9 |
---------------+----------------------------+-----
Slings         | 6 7 8 10 11 | 11.8
Fighting       | 2 3 4 5 7 |  7.0
Dodging        | 3 4 5 6 8 |  8.5
Stealth        | |  1.1

Action                   |  1- 3 |  4- 6 |  7- 9 || total
-------------------------+-------+-------+-------++-------
 Fire: Hunting sling     |    64 |   194 |   425 ||   683
Invok: Potion Petition   |       |       |     1 ||     1
Evoke: Wand              |       |       |     2 ||     2
  Use: Scroll            |       |       |    12 ||    12
       Potion            |       |       |     1 ||     1
  Eat: Chunk             |       |     3 |     7 ||    10
       Ration            |       |       |     1 ||     1
Armor: Leather armour    |     2 |     8 |    36 ||    46
Dodge: Dodged            |    11 |    36 |   167 ||   214
